SL
TOLEDO STINGERS @ GRAFTON MIDDIES
08/08/2026
 
TOP OF THE 1ST
Toledo Stingers batting - Pitching for Grafton Middies : RHP Wayne Hurst
Pitching: RHP Wayne Hurst
Batting: RHB Pedro Pérez 0-0: Bunt missed!
0-1: Foul Ball, location: 2F
0-2: Ball
1-2: Fly out, F8 (Flyball, 8RM)
Batting: RHB John Downing 0-0: Ball
1-0: Ball
2-0: Called Strike
2-1: Ball
3-1: Called Strike
3-2: Strikes out swinging
Batting: RHB Enrique Pérez 0-0: Swinging Strike
0-1: Ball
1-1: Ball
2-1: Ball
3-1: Base on Balls
Batting: LHB Yannick Hendriksen 0-0: Foul Ball, location: 2F
0-1: Fielders Choice at 2nd, 4-6 (Groundball, 4)
Top of the 1st over - 0 run(s), 0 hit(s), 0 error(s), 0 left on base; Toledo 0 - Grafton 0
BOTTOM OF THE 1ST
Grafton Middies batting - Pitching for Toledo Stingers : RHP Francis McBride
Pitching: RHP Francis McBride
Batting: RHB Pedro Santos 0-0: Ball
1-0: Ball
2-0: Ball
3-0: Called Strike
3-1: Foul Ball, location: 2F
3-2: SINGLE (Line Drive, 78S)
Batting: RHB Carlos Maldonado 0-0: Called Strike
Pedro Santos steals 2nd base
0-1: Ball
1-1: Fly out, F3 (Popup, 34)
Batting: LHB Mario Ramos 0-0: Ball
1-0: Ground out 4-3 (Groundball, 34)
Pedro Santos to third
Batting: RHB Dave Ash 0-0: Ball
1-0: Called Strike
1-1: Fly out, F4 (Popup, 4D)
Bottom of the 1st over - 0 run(s), 1 hit(s), 0 error(s), 1 left on base; Toledo 0 - Grafton 0
TOP OF THE 2ND
Toledo Stingers batting - Pitching for Grafton Middies : RHP Wayne Hurst
Batting: LHB Jorge Flores 0-0: Foul Ball, location: 2F
0-1: Swinging Strike
0-2: Ball
1-2: Ball
2-2: Strikes out looking
Batting: RHB Anthony Johnston 0-0: Ball
1-0: Fly out, F8 (Flyball, 8RS)
Batting: RHB Pil-joong Pak 0-0: Ball
1-0: Ground out 6-3 (Groundball, 6)
Top of the 2nd over - 0 run(s), 0 hit(s), 0 error(s), 0 left on base; Toledo 0 - Grafton 0
BOTTOM OF THE 2ND
Grafton Middies batting - Pitching for Toledo Stingers : RHP Francis McBride
Batting: LHB Ramón Rivera 0-0: Ball
1-0: Foul Ball, location: 2F
1-1: Swinging Strike
1-2: Ball
2-2: Foul Ball, location: 2F
2-2: Ball
3-2: Strikes out swinging
Batting: RHB Stefano Gaddi 0-0: Foul Ball, location: 2F
0-1: Ball
1-1: Ball
2-1: Fly out, F8 (Flyball, 89D)
Batting: RHB Jarred Morgan 0-0: Fly out, F4 (Popup, 4D)
Bottom of the 2nd over - 0 run(s), 0 hit(s), 0 error(s), 0 left on base; Toledo 0 - Grafton 0
TOP OF THE 3RD
Toledo Stingers batting - Pitching for Grafton Middies : RHP Wayne Hurst
Batting: RHB Mike Burns 0-0: Ground out U3 (Groundball, 34)
Batting: RHB Alfredo Martínez 0-0: Ball
1-0: Foul Ball, location: 2F
1-1: Foul Ball, location: 2F
1-2: Hit by Pitch
Batting: RHB Pedro Pérez 0-0: SINGLE (Line Drive, 3D)
Alfredo Martínez to second
Batting: RHB John Downing 0-0: Called Strike
Alfredo Martínez steals 3rd base
Pedro Pérez to second
0-1: Foul Ball, location: 2F
0-2: Ball
1-2: Foul Ball, location: 2F
1-2: Ball
2-2: Foul Ball, location: 2F
2-2: Foul Ball, location: 2F
2-2: Foul Ball, location: 2F
2-2: Ball
3-2: Fly out, F6 (Popup, 56D)
Batting: RHB Enrique Pérez 0-0: Swinging Strike
0-1: Called Strike
0-2: Strikes out looking
Top of the 3rd over - 0 run(s), 1 hit(s), 0 error(s), 2 left on base; Toledo 0 - Grafton 0
BOTTOM OF THE 3RD
Grafton Middies batting - Pitching for Toledo Stingers : RHP Francis McBride
Batting: RHB Ramón Gómez 0-0: Called Strike
0-1: Called Strike
0-2: Ball
1-2: Strikes out swinging
Batting: SHB Jorge Colomo 0-0: Foul Ball, location: 2F
0-1: Ball
1-1: Ball
2-1: DOUBLE (Line Drive, 78D)
Batting: RHB Pedro Santos 0-0: Fly out, F9 (Flyball, 9LS)
Batting: RHB Carlos Maldonado 0-0: Ball
1-0: Ball
2-0: Called Strike
2-1: SINGLE (Line Drive, 56D)
Jorge Colomo to third
Runner from 3rd tries for Home, SAFE, no throw
Batting: LHB Mario Ramos 0-0: Called Strike
0-1: Ball
1-1: Called Strike
1-2: Ball
2-2: Strikes out swinging
Bottom of the 3rd over - 1 run(s), 2 hit(s), 0 error(s), 1 left on base; Toledo 0 - Grafton 1
TOP OF THE 4TH
Toledo Stingers batting - Pitching for Grafton Middies : RHP Wayne Hurst
Batting: LHB Yannick Hendriksen 0-0: Swinging Strike
0-1: Ball
1-1: SOLO HOME RUN (Flyball, 89XD), Distance : 416 ft
Batting: LHB Jorge Flores 0-0: Ball
1-0: Swinging Strike
1-1: Ball
2-1: Called Strike
2-2: Ball
3-2: Foul Ball, location: 2F
3-2: DOUBLE (Line Drive, 78XD)
Batting: RHB Anthony Johnston 0-0: Foul Ball, location: 2F
0-1: Called Strike
0-2: Ball
1-2: Strikes out swinging
Batting: RHB Pil-joong Pak 0-0: Ball
1-0: Foul Ball, location: 2F
1-1: Called Strike
1-2: Ball
2-2: Ground out 6-3 (Groundball, 6)
Batting: RHB Mike Burns 0-0: Called Strike
0-1: Swinging Strike
0-2: Foul Ball, location: 2F
0-2: Ball
1-2: Foul Ball, location: 2F
1-2: Strikes out looking
Top of the 4th over - 1 run(s), 2 hit(s), 0 error(s), 1 left on base; Toledo 1 - Grafton 1
BOTTOM OF THE 4TH
Grafton Middies batting - Pitching for Toledo Stingers : RHP Francis McBride
Batting: RHB Dave Ash 0-0: Called Strike
0-1: Ball
1-1: Fly out, F5 (Popup, 5S)
Batting: LHB Ramón Rivera 0-0: Ball
1-0: Ground out 4-3 (Groundball, 4)
Batting: RHB Stefano Gaddi 0-0: Ball
1-0: Foul Ball, location: 2F
1-1: Foul Ball, location: 2F
1-2: Strikes out swinging
Bottom of the 4th over - 0 run(s), 0 hit(s), 0 error(s), 0 left on base; Toledo 1 - Grafton 1
TOP OF THE 5TH
Toledo Stingers batting - Pitching for Grafton Middies : RHP Wayne Hurst
Batting: RHB Alfredo Martínez 0-0: Ball
1-0: Ball
2-0: Called Strike
2-1: Called Strike
2-2: Strikes out looking
Batting: RHB Pedro Pérez 0-0: Ball
1-0: Foul Ball, location: 2F
1-1: Foul Ball, location: 2F
1-2: Ball
2-2: Strikes out swinging
Batting: RHB John Downing 0-0: Ball
1-0: Ball
2-0: Ball
3-0: Called Strike
3-1: Foul Ball, location: 2F
3-2: Foul Ball, location: 2F
3-2: DOUBLE (Groundball, 5L)
Batting: RHB Enrique Pérez 0-0: Called Strike
0-1: Swinging Strike
0-2: Strikes out swinging
Top of the 5th over - 0 run(s), 1 hit(s), 0 error(s), 1 left on base; Toledo 1 - Grafton 1
BOTTOM OF THE 5TH
Grafton Middies batting - Pitching for Toledo Stingers : RHP Francis McBride
Batting: RHB Jarred Morgan 0-0: Ball
1-0: Ball
2-0: SOLO HOME RUN (Flyball, 7D), Distance : 399 ft
Batting: RHB Ramón Gómez 0-0: Ball
1-0: Called Strike
1-1: Ball
2-1: Foul Ball, location: 2F
2-2: Ball
3-2: Strikes out swinging
Batting: SHB Jorge Colomo 0-0: Foul Ball, location: 2F
0-1: Called Strike
0-2: Ball
1-2: Strikes out swinging
Batting: RHB Pedro Santos 0-0: Foul Ball, location: 2F
0-1: Ball
1-1: SINGLE (Groundball, 56D)
Batting: RHB Carlos Maldonado 0-0: Fly out, F8 (Flyball, 8RM)
Bottom of the 5th over - 1 run(s), 2 hit(s), 0 error(s), 1 left on base; Toledo 1 - Grafton 2
TOP OF THE 6TH
Toledo Stingers batting - Pitching for Grafton Middies : RHP Wayne Hurst
Batting: LHB Yannick Hendriksen 0-0: Foul Ball, location: 2F
0-1: Fly out, F7 (Flyball, 7S)
Batting: LHB Jorge Flores 0-0: Called Strike
0-1: Ball
1-1: Ball
2-1: Called Strike
2-2: Foul Ball, location: 2F
2-2: Strikes out swinging
Batting: RHB Anthony Johnston 0-0: Ball
1-0: SINGLE (Line Drive, 9S)
Batting: RHB Pil-joong Pak 0-0: Foul Ball, location: 2F
0-1: Foul Ball, location: 2F
0-2: Foul Ball, location: 2F
0-2: Strikes out swinging
Top of the 6th over - 0 run(s), 1 hit(s), 0 error(s), 1 left on base; Toledo 1 - Grafton 2
BOTTOM OF THE 6TH
Grafton Middies batting - Pitching for Toledo Stingers : RHP Francis McBride
Batting: LHB Mario Ramos 0-0: Ball
1-0: Called Strike
1-1: Called Strike
1-2: Ball
2-2: Foul Ball, location: 2F
2-2: Foul Ball, location: 2F
2-2: Ball
3-2: Fly out, F8 (Flyball, 8LS)
Batting: RHB Dave Ash 0-0: Ball
1-0: Ball
2-0: Called Strike
2-1: Fly out, F8 (Flyball, 89M)
Batting: LHB Ramón Rivera 0-0: Ground out 6-3 (Groundball, 6D)
Bottom of the 6th over - 0 run(s), 0 hit(s), 0 error(s), 0 left on base; Toledo 1 - Grafton 2
TOP OF THE 7TH
Toledo Stingers batting - Pitching for Grafton Middies : RHP Wayne Hurst
Batting: RHB Mike Burns 0-0: Foul Ball, location: 2F
0-1: Called Strike
0-2: Foul Ball, location: 2F
0-2: Foul Ball, location: 2F
0-2: Foul Ball, location: 2F
0-2: Ball
1-2: Foul Ball, location: 2F
1-2: Foul Ball, location: 2F
1-2: Ball
2-2: Foul Ball, location: 2F
2-2: Foul Ball, location: 2F
2-2: Strikes out swinging
Pitching: RHP Truman Valentine
Batting: RHB Alfredo Martínez 0-0: Ball
1-0: SINGLE (Groundball, 6MD)
Batting: RHB Pedro Pérez 0-0: Ball
Alfredo Martínez steals 2nd base
1-0: Foul Ball, location: 2F
1-1: Swinging Strike
1-2: Strikes out looking
Batting: RHB John Downing 0-0: Ball
1-0: Ball
2-0: Ball
3-0: Base on Balls
Batting: RHB Enrique Pérez 0-0: Foul Ball, location: 2F
0-1: SINGLE (Line Drive, 78S)
Alfredo Martínez to third
John Downing to second
Runner from 3rd tries for Home, SAFE, no throw
Batting: LHB Yannick Hendriksen 0-0: Called Strike
0-1: Fly out, F7 (Flyball, 7)
Top of the 7th over - 1 run(s), 2 hit(s), 0 error(s), 2 left on base; Toledo 2 - Grafton 2
BOTTOM OF THE 7TH
Grafton Middies batting - Pitching for Toledo Stingers : RHP Francis McBride
Batting: RHB Stefano Gaddi 0-0: Ball
1-0: Ball
2-0: Ball
3-0: Foul Ball, location: 2F
3-1: Foul Ball, location: 2F
3-2: Foul Ball, location: 2F
3-2: Foul Ball, location: 2F
3-2: Foul Ball, location: 2F
3-2: Base on Balls
Batting: RHB Jarred Morgan 0-0: Bunted foul
0-1: Sac Bunt - play at second, runner OUT! 3-6
Batting: RHB Ramón Gómez 0-0: Called Strike
0-1: Foul Ball, location: 2F
0-2: Ball
1-2: Ball
2-2: Foul Ball, location: 2F
2-2: SINGLE (Groundball, 4MD)
Jarred Morgan to second
Batting: SHB Jorge Colomo 0-0: Ball
1-0: Swinging Strike
1-1: Grounds into double play, 6-4-3 (Groundball, 6)
Bottom of the 7th over - 0 run(s), 1 hit(s), 0 error(s), 1 left on base; Toledo 2 - Grafton 2
TOP OF THE 8TH
Toledo Stingers batting - Pitching for Grafton Middies : RHP Truman Valentine
Batting: LHB Jorge Flores 0-0: Ball
1-0: Ball
2-0: Called Strike
2-1: Ball
3-1: Foul Ball, location: 2F
3-2: Strikes out looking
Batting: RHB Anthony Johnston 0-0: Foul Ball, location: 2F
0-1: Ball
1-1: Ball
2-1: Ground out 6-3 (Groundball, 6)
Batting: RHB Pil-joong Pak 0-0: Fly out, F9 (Flyball, 9S)
Top of the 8th over - 0 run(s), 0 hit(s), 0 error(s), 0 left on base; Toledo 2 - Grafton 2
BOTTOM OF THE 8TH
Grafton Middies batting - Pitching for Toledo Stingers : RHP Francis McBride
Batting: RHB Pedro Santos 0-0: Ball
1-0: Ground out 6-3 (Groundball, 6MD)
Batting: RHB Carlos Maldonado 0-0: DOUBLE (Groundball, 5L)
Batting: LHB Mario Ramos 0-0: Intentional Walk
Pitching: RHP Manny Amici
Batting: RHB Dave Ash 0-0: Foul Ball, location: 2F
0-1: Ball
1-1: SINGLE (Groundball, 56S) (infield hit)
Carlos Maldonado to third
Mario Ramos to second
Batting: LHB Ramón Rivera 0-0: Ball
1-0: Fly out, F8 (Flyball, 8RXD)
Runner from 3rd tags up, SCORES, no throw
Pinch Runner at 2nd Nathan Boswell:
Batting: RHB Stefano Gaddi 0-0: Ball
1-0: Called Strike
1-1: Foul Ball, location: 2F
1-2: Ball
2-2: DOUBLE (Flyball, 78XD)
Nathan Boswell scores
Dave Ash to third
Runner from 3rd tries for Home, SAFE, no throw
Batting: RHB Jarred Morgan 0-0: Ball
1-0: Called Strike
1-1: Ball
2-1: DOUBLE (Line Drive, 89D)
Stefano Gaddi scores
Batting: RHB Ramón Gómez 0-0: Foul Ball, location: 2F
0-1: Foul Ball, location: 2F
0-2: Strikes out swinging
Bottom of the 8th over - 4 run(s), 4 hit(s), 0 error(s), 1 left on base; Toledo 2 - Grafton 6
TOP OF THE 9TH
Toledo Stingers batting - Pitching for Grafton Middies : RHP Truman Valentine
Now at 1B: Nathan Boswell
Batting: RHB Mike Burns 0-0: Swinging Strike
0-1: Swinging Strike
0-2: Strikes out swinging
Batting: RHB Alfredo Martínez 0-0: Ball
1-0: Foul Ball, location: 2F
1-1: Swinging Strike
1-2: Foul Ball, location: 2F
1-2: Strikes out swinging
Batting: RHB Pedro Pérez 0-0: Foul Ball, location: 2F
0-1: Fly out, F9 (Flyball, 89M)
Top of the 9th over - 0 run(s), 0 hit(s), 0 error(s), 0 left on base; Toledo 2 - Grafton 6
Monday, March 20th, 2017 - OOTP Baseball 17.12 Build 75